 Dungeon Crawl Stone Soup version 0.26-a0-812-g31a745ddcd (webtiles) character file.

Game seed: 2811720339691459200

7 kae the Vexing (level 1, -1/12 HPs)
             Began as a Deep Elf Arcane Marksman on Nov 25, 2020.
             Slain by a hobgoblin (2 damage)
             ... on level 1 of the Dungeon.
             The game lasted 00:00:37 (232 turns).

kae the Vexing (Deep Elf Arcane Marksman)            Turns: 232, Time: 00:00:38

Health: -1/12      AC:  2    Str:  7    XL:     1   Next: 91%
Magic:  5/5        EV: 13    Int: 17    God:
Gold:   0          SH:  0    Dex: 15    Spells: 2/3 levels left

rFire    . . .     SeeInvis .   (no weapon)
rCold    . . .     Faith    .   (no shield)
rNeg     . . .     Spirit   .   e - +0 robe
rPois    .         Reflect  .   (no helmet)
rElec    .         Harm     .   (no cloak)
rCorr    .         Rampage  .   (no gloves)
MR       .....                  (no boots)
Stlth    +.........             (no amulet)
HPRegen  0.04/turn              (no ring)
MPRegen  0.09/turn              (no ring)

@: no status effects
A: no striking features
a: no special abilities


You were on level 1 of the Dungeon.
You visited 1 branch of the dungeon, and saw 1 of its levels.

Inventory:

Hand Weapons
 a - a +0 shortbow
Armour
 e - a +0 robe (worn)
Potions
 b - 2 potions of brilliance {unknown}


   Skills:
 + Level 1.0 Fighting
 * Level 3.1 Bows
 - Level 2.4 Dodging
 + Level 1.8 Spellcasting
 + Level 4.1 Hexes


You had 2 spell levels left.
You knew the following spells:

 Your Spells              Type           Power        Failure   Level
a - Corona                Hex            ###....      3%          1

Your spell library contained the following spells:

 Spells                   Type           Power        Failure   Level
 Slow                     Hex            ###.....     5%          2
 Inner Flame              Hex/Fire       #.......     26%         3
 Portal Projectile        Hex/Tloc       #.....       26%         3
 Cause Fear               Hex            ###.......   34%         4
 Leda's Liquefaction      Hex/Erth       #.........   63%         4


Dungeon Overview and Level Annotations

Branches:
Dungeon (1/15)

Altars:


Message History

You barely miss the hobgoblin. The bat hits you but does no damage.
The bat closely misses you. The hobgoblin barely misses you.
You barely miss the hobgoblin. The hobgoblin barely misses you.
The bat misses you.
You hit the hobgoblin.
The hobgoblin is lightly wounded.
The bat misses you. The hobgoblin closely misses you.
You closely miss the hobgoblin.
The hobgoblin is lightly wounded.
The bat barely misses you. The hobgoblin hits you.
* * * LOW HITPOINT WARNING * * *
The bat closely misses you.
You closely miss the hobgoblin. The bat hits you but does no damage.
The hobgoblin closely misses you.
You barely miss the hobgoblin. The hobgoblin hits you.
* * * LOW HITPOINT WARNING * * *
The bat hits you but does no damage.
You hit the hobgoblin but do no damage. The bat barely misses you.
The hobgoblin hits you.
You die...

###♣≈♣###.....
#<##≈##.#.....
#..'≈'..#....
#.##≈##.#.$.
###P≈♣###..# . .
#♣≈≈≈P##..## ..
#..##P≈≈≈♣##...# #...
#.......†.....?##.....
#..........@g().......
#.......#..(...(......
.........>.b....(.((..
.................(....
..................(...
#######>...........(..
.............(.(#
..(...........#..
..#.............#.


You could see a hobgoblin and a bat.

Vanquished Creatures
  A dart slug (D:1)
  A hobgoblin (D:1)
  A frilled lizard (D:1)
  3 kobolds (D:1)
6 creatures vanquished.

Notes
Turn   | Place    | Note
-------+----------+-------------------------------------------
     0 | D:1      | kae the Deep Elf Arcane Marksman began the quest for the
                  | Orb.
     0 | D:1      | Reached XP level 1. HP: 11/11 MP: 5/5
   148 | D:1      | Reached skill level 1 in Fighting
   232 | D:1      | Slain by a hobgoblin

Illustrated notes

Levels and vault maps discovered:
D:1:      sevenhm_arrival_forest_fort_small_4, layout_rooms,
          nemelex_altar_shiori

Skill      XL: |  1 |
---------------+----+-----
Bows           | 3 |  3.1
Fighting       | 1 |  1.0
Dodging        | |  2.4
Spellcasting   | |  1.8
Hexes          | |  4.1

Action                   || total
-------------------------++-------
Melee: Unarmed           ||    17
 Fire: Shortbow          ||    26
 Cast: Corona            ||     6
Armor: Robe              ||     8
Dodge: Dodged            ||    30

Table legend: (Time is in decaauts)
 A = Elapsed time spent in this place.
 B = Non-inter-level travel time spent in this place.
 C = Inter-level travel time spent in this place.
 D = Time resting spent in this place.
 E = Time spent auto-exploring this place.
 F = Levels seen in this place.
 G = Mean time per level.
                   A        B        C        D        E       F      G
               +--------+--------+--------+--------+--------+-----+--------+
         Total |    238 |    238 |      0 |      0 |    165 |   1 |  238.0 |
       Dungeon |    238 |    238 |      0 |      0 |    165 |   1 |  238.0 |
               +--------+--------+--------+--------+--------+-----+--------+

Top non-repeatable levels by time:
     D:1: 238 daAuts
